 Dungeon Crawl Stone Soup version 0.17.0-24-gcfadda4 (console) character file.

6 gw the Ruffian (level 1, 0/14 HPs)
             Began as a Gargoyle Monk on Nov 16, 2015.
             Slain by a ball python (1 damage)
             ... on level 1 of the Dungeon.
             The game lasted 00:00:10 (118 turns).

gw the Ruffian (Gargoyle Monk)                       Turns: 118, Time: 00:00:10

Health: 0/14       AC:  6    Str: 14    XL:     1   Next: 90%
Magic:  1/1        EV:  9    Int: 10    God:
Gold:   0          SH:  0    Dex: 12    Spells: 0 memorised, 0 levels left

rFire  . . .     SeeInvis .       - Unarmed
rCold  + . .     Clarity  .     c - +0 leather armour {rC+}
rNeg   + . .     SustAt   .     (no shield)
rPois  ∞         Gourm    .     (no helmet)
rElec  +         Spirit   .     a - +0 cloak
rCorr  .         Warding  .     (no gloves)
rMut   .         Stasis   .     (no boots)
MR     .....                    (no amulet)
Stlth  ++........               (no ring)
                                (no ring)

@: constricted, not resistant to hostile enchantments, unstealthy
A: negative energy resistance 1, electricity resistance, unbreathing,
petrification resistance, rot immunity, AC +2
a: no special abilities


You were on level 1 of the Dungeon.
You were not hungry.

You visited 1 branch of the dungeon, and saw 1 of its levels.

Inventory:

Armour
 a - a +0 cloak (worn)
 c - a +0 leather armour of cold resistance (worn)
Comestibles
 b - a bread ration


   Skills:
 + Level 3.3 Fighting
 + Level 0.6 Throwing
 + Level 0.2 Armour
 - Level 2.4 Dodging
 - Level 2.1 Stealth
 * Level 4.1 Unarmed Combat


You couldn't memorise any spells.
You didn't know any spells.

Dungeon Overview and Level Annotations

Branches:
Dungeon (1/15)

Altars:


Innate Abilities, Weirdness & Mutations

You are resistant to torment.
Your stone body is resilient (AC +2).
You are immune to poison.
You resist negative energy.
You are resistant to electric shocks.
You can survive without breathing.
You are immune to petrification.
You are immune to rotting.


Message History

You barely miss the kobold.
The kobold is moderately wounded.
The bat hits you. The ball python closely misses you.
The ball python constricts you. The kobold hits you but does no damage.
ATTACK MOVE TO (1,-1)
You hit the kobold.
The kobold is heavily wounded.
The ball python barely misses you. The ball python constricts you.
The bat hits you but does no damage. The kobold hits you but does no damage.
ATTACK MOVE TO (1,-1)
You barely miss the kobold.
The kobold is heavily wounded.
The bat hits you but does no damage. The ball python bites you.
The ball python constricts you. The kobold hits you with a whip.
ATTACK MOVE TO (1,-1)
You hit the kobold.
The kobold is severely wounded.
The bat hits you but does no damage.
The ball python bites you but does no damage.
You die...

.... ... ...#.# #.#
.... ...#.# #.#.# ....
#..#.# #.#.# .....
#..#.# #.#.# ...#.
#..#.# #.#.# ......
#..#.#
#.#.#######......
...#.###.#.#.....K..#.#
##.#.....#...((.9b....#
#...........####S......
###.......#.####.#.....
####.#####.#....#.#
#### .....# ..+....+..
.....# .#.#....#.#
..................#
.....### #.########
....... ...


You could see a bat, a ball python and a kobold.

Table legend:
 A = Turns spent in this place as a percentage of turns spent in the entire game.
 B = Non-inter-level travel turns spent in this place as a percentage of non-inter-level travel turns spent in the entire game.
 C = Inter-level travel turns spent in this place as a percentage of turns spent in this place.
 D = Turns resting spent in this place as a percentage of non-inter-level travel turns spent in this place.
 E = Turns spent auto-exploring this place as a percentage of non-inter-level travel turns spent in this place.
 F = Non-inter-level travel turns spent in this place divided by the number of levels of this place that you've seen.
                   A       B       C       D       E      F
               +-------+-------+-------+-------+-------+----------------------
         Total | 100.0 | 100.0 |   0.0 |   0.6 |   1.1 | 355.0
       Dungeon | 100.0 | 100.0 |   0.0 |   0.6 |   1.1 | 355.0
               +-------+-------+-------+-------+-------+----------------------

Table legend:
 A = Kills in this place as a percentage of kills in entire the game.
 B = Kills by you in this place as a percentage of kills by you in the entire game.
 C = Kills by friends in this place as a percentage of kills by friends in the entire game.
 D = Other kills in this place as a percentage of other kills in the entire game.
 E = Experience gained in this place as a percentage of experience gained in the entire game.
 F = Experience gained in this place divided by the number of levels of this place that you have seen.
                   A       B       C       D       E      F
               +-------+-------+-------+-------+-------+----------------------
         Total | 100.0 | 100.0 |  -nan |  -nan | 100.0 |   9.0
       Dungeon | 100.0 | 100.0 |  -nan |  -nan | 100.0 |   9.0
               +-------+-------+-------+-------+-------+----------------------

Vanquished Creatures
  2 hobgoblins (D:1)
  3 jackals (D:1)
  A rat (D:1)
6 creatures vanquished.

Notes
Turn   | Place    | Note
--------------------------------------------------------------
     0 | D:1      | gw the Gargoyle Monk began the quest for the Orb.
     0 | D:1      | Reached XP level 1. HP: 14/14 MP: 1/1
   118 | D:1      | Slain by a ball python

Action                   || total
-------------------------++-------
Melee: Unarmed           ||    28

Vault maps used:
D:1:      dpeg_arrival_central
